 Dungeon Crawl Stone Soup version 0.24.0-28-g17ded55e90 (webtiles) character file.

Game seed: 447349499819336061, levelgen mode: deterministic

66892 Curus the Warrior (level 14, 0/151 HPs)
             Began as a Minotaur Monk on Nov 12, 2019.
             Was the Champion of Okawaru.
             Slain by an orc warrior
             ... wielding a +0 halberd
             ... led by an orc warlord
              (10 damage)
             ... on level 1 of the Orcish Mines.
             The game lasted 01:18:24 (15112 turns).

Curus the Warrior (Minotaur Monk)                  Turns: 15112, Time: 01:18:25

Health: 0/151      AC: 39    Str: 17    XL:     14   Next: 80%
Magic:  27/27      EV: 13    Int:  7    God:    Okawaru [******]
Gold:   1576       SH: 16    Dex: 26    Spells: 13/13 levels left

rFire    + . .     SeeInvis .   O - +1 demon blade (venom)
rCold    . . .     Gourm    .   t - +3 shield
rNeg     . . .     Faith    .   N - +16 plate armour of Okawaru's Approval {rCorr MP+9}
rPois    .         Spirit   .   L - +1 hat
rElec    .         Reflect  .   (no cloak)
rCorr    +         Harm     .   J - +2 pair of gloves
MR       +....     Rnd*Rage +   (no boots)
Stlth    ..........             k - amulet of regeneration
HPRegen  0.75/turn              l - +2 ring of dexterity
MPRegen  0.20/turn              H - ring of protection from fire

@: agile, berserk cooldown
A: retaliatory headbutt, horns 2, talons 1, thin skeletal structure 1, berserk
2, blink, robust 1, shaggy fur 1, wild magic 1, evolution 1
a: Blink, Heroism, Finesse, Renounce Religion


You were on level 1 of the Orcish Mines.
You worshipped Okawaru.
Okawaru was exalted by your worship.
You were hungry.

You visited 4 branches of the dungeon, and saw 19 of its levels.
You also visited: Ice Cave.

You collected 1576 gold pieces.

Inventory:

Hand Weapons
 a - a +1 falchion
 h - a +1 long sword
 C - a +2 scimitar of flaming
 E - the +0 sword of Power
   (Okawaru gifted it to you on level 1 of the Lair of Beasts)
 G - a +1 great sword of slicing
 M - the +1 falchion "Hich" {slice, rC+ Int+2}
   (Okawaru gifted it to you on level 5 of the Lair of Beasts)

   It inflicts extra damage upon your enemies.
   It affects your intelligence (+2).
   It protects you from cold.
 O - a +1 demon blade of venom (weapon)
Armour
 b - a +0 robe
 f - a +1 leather armour
 p - the +5 chain mail of the Sailor {rPois}
   (You found it on level 6 of the Dungeon)

   It protects you from poison.
 t - a +3 shield (worn)
 u - the +20 crystal plate armour "Haogug" {*Drain rPois rCorr, unknown}
   (Okawaru gifted it to you on level 2 of the Orcish Mines)

   It protects you from poison.
   It provides partial protection from all sources of acid and corrosion.
   It causes draining when unequipped.
 v - a +1 plate armour of cold resistance
 J - a +2 pair of gloves (worn)
 K - a +2 crystal plate armour
 L - a +1 hat (worn)
 N - the +16 plate armour of Okawaru's Approval (worn) {rCorr MP+9}
   (Okawaru gifted it to you on level 6 of the Lair of Beasts)

   It affects your magic capacity (+9).
   It provides partial protection from all sources of acid and corrosion.
 P - a +2 plate armour of poison resistance
Jewellery
 e - an uncursed ring of stealth
 k - an amulet of regeneration (around neck)
 l - a +2 ring of dexterity (left hand)
 s - an uncursed amulet of harm
 A - an uncursed ring of wizardry
 H - a ring of protection from fire (right hand)
Wands
 o - a wand of polymorph (2)
 q - a wand of flame (22)
 r - a wand of random effects (18)
 B - a wand of paralysis (9)
Scrolls
 d - 6 scrolls of identify
 g - 10 scrolls of remove curse
 j - 5 scrolls of teleportation
 m - 5 scrolls of blinking
 w - a scroll of amnesia
 D - 2 scrolls of magic mapping
 F - 2 scrolls of fear
Potions
 i - 8 potions of curing
 n - 4 potions of brilliance
 x - 7 potions of flight
 z - 2 potions of agility
Miscellaneous
 I - a phial of floods (inert)
Comestibles
 c - 21 rations
 Q - a chunk of flesh


   Skills:
 + Level 16.9 Fighting
 - Level 14.1 Long Blades
 + Level 16.4 Armour
 - Level 4.2 Dodging
 - Level 1.5 Stealth
 - Level 10.0 Shields
 - Level 7.3 Invocations
 - Level 3.4 Evocations


You had 13 spell levels left.
You didn't know any spells.
Your spell library contained the following spells:

 Spells                   Type           Power        Failure   Level  Hunger
 Confusing Touch          Hex            #.....       100%        1    ##.....
 Summon Small Mammal      Summ           #...         100%        1    ##.....
 Call Imp                 Summ           #.......     100%        2    ###....
 Call Canine Familiar     Summ           #.......     100%        3    ####...
 Confuse                  Hex            #.......     100%        3    ####...
 Gell's Gravitas          Tloc           #.........   100%        3    ####...
 Ignite Poison            Fire/Tmut/Pois #.......     100%        3    ####...
 Summon Guardian Golem    Hex/Summ       #.......     100%        3    ####...
 Petrify                  Tmut/Erth      #.......     100%        4    #####..
 Summon Ice Beast         Ice/Summ       #.......     100%        4    #####..
 Summon Lightning Spire   Summ/Air       #.......     100%        4    #####..
 Fireball                 Conj/Fire      #.........   100%        5    ######.
 Metabolic Englaciation   Hex/Ice        #.........   100%        5    ######.
 Yara's Violent Unravell  Hex/Tmut       #.........   100%        5    ######.
 Bolt of Fire             Conj/Fire      #.........   100%        6    #######
 Ring of Flames           Chrm/Fire      #.........   100%        7    #######
 Ignition                 Fire           #.........   100%        8    #######


Dungeon Overview and Level Annotations

Branches:
Dungeon (10/15)            Temple (1/1) D:5            Lair (6/6) D:10
  Swamp (0/4) Lair:2        Snake (0/4) Lair:3        Slime (0/5) Lair:6
    Orc (2/2) D:9             Elf (0/3) Orc:2         IceCv (visited)

Altars:
Dithmenos
Elyvilon
Fedhas
Gozag
Makhleb
Nemelex Xobeh
Okawaru
Sif Muna
Uskayaw
Vehumet
Wu Jian
Xom
Yredelemnul
Beogh

Annotations:
D:2 Natasha
Lair:3 exclusion: 2 oklob plants
Orc:2 Erolcha


Innate Abilities, Weirdness & Mutations

You reflexively headbutt those who attack you in melee.
You have a pair of horns on your head.
You have sharp toenails.
You have a somewhat thin skeletal structure. (Dex +2, Stealth)
You often lose your temper in combat.
You can translocate small distances at will.
You are robust. (+10% HP)
You are covered in fur. (AC +1)
Your spells are a little harder to cast, but a little more powerful.
You evolve.


Message History

The orc warlord looks as sick as possible!
You claw the orc warlord, but do no damage.
The orc warlord is heavily wounded.
The orc no longer looks unusually strong.
You block the orc warrior's attack. The orc hits you but does no damage.
You hit the orc warlord.
The orc warlord looks as sick as possible!
Your kick misses the orc warlord.
The orc warlord is heavily wounded.
You block the two-headed ogre's attack. x2
The orc warlord roars a battlecry!
The orc goes into a battle-frenzy!
A warg comes into view.
You block the orc warrior's attack.
You hit the orc warlord. You claw the orc warlord.
You headbutt the orc warlord.
The orc warlord is severely wounded.
Your hearing returns.
The orc warrior hits you from afar with a +0 halberd!
You die...

################***
##.....ooo@#.$#.##.**
##......O.ooOoo.....,**
##.......ooohooo......,******
#.........oOoooo.......**,*,*
#...........oo...)......,,,,,
#..).........o...........,*,,
#..).......).............*,*,
#..).........h..o......#*,,,,
#...........)..........###*,,


You could see 2 orc warlords, a two-headed ogre, 2 wargs, 7 orc warriors, 2
ogres, an orc priest and 12 orcs.

Vanquished Creatures
  Kirke (Lair:5)
  An orc warlord (Orc:1)
  4 ogre magi
  7 hydras
  A catoblepas (Lair:6)
  Erica (D:10)
  11 two-headed ogres
  An orc high priest (Orc:1)
  3 death yaks (Lair:6)
  2 unseen horrors (D:10)
  Pikel (D:6)
  2 lindwurms (Lair:6)
  A necromancer (IceCv)
  2 orc sorcerers
  2 orc knights (Orc:1)
  A cyclops (Orc:1)
  A deep elf mage (D:10)
  2 manticores (Lair:6)
  2 ice statues (IceCv)
  2 elephants (Lair:6)
  A torpor snail (Lair:6)
  6 black mambas
  7 spiny frogs
  8 rime drakes
  4 komodo dragons
  7 ice devils (IceCv)
  2 trolls (D:10)
  A polar bear (Lair:6)
  A hornet (D:10)
  2 slime creatures (D:6)
  14 blink frogs
  9 hippogriffs
  10 dream sheep
  2 wyverns
  42 yaks
  Grum (D:8)
  A hog (Lair:4)
  5 basilisks
  A hungry ghost (D:7)
  5 wargs
  16 water moccasins
  7 porcupines
  14 orc warriors
  3 ice beasts
  4 sky beasts
  28 ogres
  A necrophage (D:5)
  A phantom (D:8)
  7 wolves
  A centaur (D:10)
  18 crocodiles
  5 big kobolds
  18 bullfrogs
  5 gnoll sergeants (D:7)
  7 scorpions
  7 killer bees
  A howler monkey (D:8)
  3 wights (D:7)
  An electric eel (D:9)
  8 jellies
  4 crimson imps
  A bullfrog zombie (D:8)
  2 draconian simulacra (IceCv)
  2 bullfrog skeletons (D:5)
  6 hounds
  3 gnoll shamans (D:7)
  22 orc priests
  3 centaur skeletons
  10 orc wizards
  4 iguanas
  5 worker ants
  Natasha (twice) (D:2)
  2 troll simulacra (IceCv)
  2 spriggan simulacra (IceCv)
  2 centaur simulacra (D:9)
  2 bullfrog simulacra (D:9)
  A hound skeleton (D:7)
  A worker ant zombie (D:10)
  A howler monkey zombie (D:10)
  24 gnolls
  3 naga simulacra (IceCv)
  3 adders
  An ogre simulacrum (IceCv)
  4 shadow imps
  5 white imps (D:9)
  4 oozes
  An adder zombie (D:9)
  3 adder skeletons
  2 worms
  3 dart slugs
  4 leopard geckos
  65 orcs
  6 bats
  3 giant cockroaches
  4 goblins
  10 hobgoblins
  8 jackals
  21 kobolds
  4 quokkas
  3 frilled lizards
  A jackal zombie (D:5)
  2 quokka zombies
  4 rats
  A plant (D:10)
596 creatures vanquished.

Vanquished Creatures (others)
  A human (Lair:5)
  An orc wizard (D:9)
  2 gnolls (D:6)
  An orc (Orc:1)
  3 fungi
  3 plants
  9 toadstools (D:6)
20 creatures vanquished.

Grand Total: 616 creatures vanquished

Notes
Turn   | Place    | Note
-------+----------+-------------------------------------------
     0 | D:1      | Curus the Minotaur Monk began the quest for the Orb.
     0 | D:1      | Reached XP level 1. HP: 19/19 MP: 0/0
   103 | D:1      | Reached XP level 2. HP: 15/26 MP: 1/1
   280 | D:1      | Reached skill level 5 in Long Blades
   301 | D:1      | Reached XP level 3. HP: 29/31 MP: 2/2
   679 | D:2      | Noticed Natasha
   690 | D:2      | Killed Natasha
   690 | D:2      | Reached XP level 4. HP: 27/39 MP: 3/3
   817 | D:2      | Gained mutation: You tend to lose your temper in combat.
                  | [potion of mutation]
   817 | D:2      | Gained mutation: You evolve. [potion of mutation]
   817 | D:2      | Gained mutation: You can translocate small distances at
                  | will. [potion of mutation]
   817 | D:2      | Gained mutation: You have a somewhat thin skeletal
                  | structure. (Dex +2, Stealth) [potion of mutation]
   822 | D:2      | Noticed Natasha
   837 | D:2      | Killed Natasha
   884 | D:2      | Noticed Natasha
   957 | D:2      | You fall into a shaft and drop 2 floors!
   977 | D:4      | Found a shimmering blue altar of Sif Muna.
  1075 | D:4      | Found a shadowy altar of Dithmenos.
  1077 | D:4      | Found a white marble altar of Elyvilon.
  1104 | D:3      | Reached XP level 5. HP: 45/45 MP: 4/4
  1796 | D:4      | Reached XP level 6. HP: 19/51 MP: 5/5
  2568 | D:5      | Entered Level 5 of the Dungeon
  2588 | D:5      | Found a staircase to the Ecumenical Temple.
  2604 | Temple   | Entered the Ecumenical Temple
  2610 | Temple   | Became a worshipper of Warmaster Okawaru
  2610 | Temple   | Reached * piety under Okawaru
  2610 | Temple   | Reached ** piety under Okawaru
  2746 | D:5      | Gained mutation: You have sharp toenails. [evolution]
  2773 | D:5      | Reached XP level 7. HP: 49/57 MP: 6/6
  2920 | D:5      | Reached skill level 10 in Long Blades
  3526 | D:6      | Reached *** piety under Okawaru
  3548 | D:6      | Reached XP level 8. HP: 40/64 MP: 7/7
  3671 | D:6      | Noticed a slime creature
  3672 | D:6      | Noticed a slime creature
  3796 | D:6      | Killed a slime creature
  3927 | D:6      | Got a crude chain mail
  3939 | D:6      | Noticed Pikel
  3959 | D:6      | Killed Pikel
  3959 | D:6      | Reached **** piety under Okawaru
  3959 | D:6      | Reached XP level 9. HP: 46/70 MP: 8/8
  4335 | D:6      | Identified the +5 chain mail of the Sailor {rPois} (You
                  | found it on level 6 of the Dungeon)
  4365 | D:7      | Reached skill level 5 in Fighting
  4365 | D:7      | Reached skill level 1 in Armour
  4404 | D:7      | Reached ***** piety under Okawaru
  4617 | D:7      | Found a burning altar of Makhleb.
  4618 | D:7      | Found a sparkling altar of Nemelex Xobeh.
  4691 | D:7      | Reached skill level 5 in Armour
  4968 | D:7      | Reached XP level 10. HP: 85/88 MP: 9/9
  5235 | D:8      | Noticed a two-headed ogre
  5246 | D:8      | Killed a two-headed ogre
  5250 | D:8      | Noticed Grum
  5273 | D:8      | Killed Grum
  6555 | D:9      | Received a gift from Okawaru
  6652 | D:9      | Reached skill level 10 in Fighting
  6733 | D:9      | Reached ****** piety under Okawaru
  6920 | D:9      | Found a roughly hewn altar of Beogh.
  6920 | D:9      | Found a staircase to the Orcish Mines.
  7293 | D:9      | Reached XP level 11. HP: 101/101 MP: 10/10
  7785 | D:10     | Entered Level 10 of the Dungeon
  7811 | D:10     | Noticed a deep elf mage
  7820 | D:10     | Killed a deep elf mage
  7820 | D:10     | Reached skill level 10 in Armour
  8158 | D:10     | Noticed Erica
  8172 | D:10     | Killed Erica
  8198 | D:10     | Killed an unseen horror
  8224 | D:10     | Found a staircase to the Lair.
  8238 | Lair:1   | Entered Level 1 of the Lair of Beasts
  8255 | Lair:1   | Gained mutation: Your spells are a little harder to cast,
                  | but a little more powerful. [evolution]
  8261 | Lair:1   | Reached skill level 1 in Shields
  8261 | Lair:1   | Reached skill level 1 in Invocations
  8325 | Lair:1   | Found a frozen archway.
  8331 | Lair:1   | Received a gift from Okawaru
  8332 | Lair:1   | Found the +0 sword of Power
  8352 | IceCv    | Entered an ice cave
  8682 | IceCv    | Noticed a necromancer
  8691 | IceCv    | Killed a necromancer
  8793 | IceCv    | Received a gift from Okawaru
  8793 | IceCv    | Reached skill level 5 in Shields
  8793 | IceCv    | Reached XP level 12. HP: 85/113 MP: 12/14
  9481 | Lair:2   | Reached skill level 5 in Invocations
  9560 | Lair:2   | Found a staircase to the Swamp.
  9575 | Lair:2   | Noticed a four-headed hydra
  9588 | Lair:2   | Killed a one-headed hydra
  9689 | Lair:2   | Noticed a four-headed hydra
  9695 | Lair:2   | Killed a one-headed hydra
  9695 | Lair:2   | Received a gift from Okawaru
  9889 | Lair:2   | Noticed an eight-headed hydra
  9900 | Lair:2   | Killed a four-headed hydra
 10372 | Lair:3   | Reached skill level 1 in Evocations
 10662 | Lair:3   | Found a staircase to the Snake Pit.
 10693 | Lair:3   | Reached skill level 10 in Shields
 10796 | Lair:3   | Noticed an eight-headed hydra
 10803 | Lair:3   | Killed a four-headed hydra
 10803 | Lair:3   | Reached XP level 13. HP: 91/119 MP: 17/17
 11910 | Lair:4   | Gained mutation: You are covered in fur. (AC +1)
                  | [evolution]
 12061 | Lair:5   | Noticed Kirke
 12146 | Lair:5   | Killed Kirke
 12354 | Lair:5   | Received a gift from Okawaru
 12368 | Lair:5   | Got a dazzling falchion {god gift}
 12664 | Lair:5   | Identified the +1 falchion "Hich" {slice, rC+ Int+2}
                  | (Okawaru gifted it to you on level 5 of the Lair of Beasts)
 12666 | Lair:6   | Entered Level 6 of the Lair of Beasts
 12666 | Lair:6   | Found a staircase to the Slime Pits.
 12945 | Lair:6   | Received a gift from Okawaru
 13121 | Lair:6   | Reached skill level 15 in Fighting
 13132 | Lair:6   | Reached XP level 14. HP: 120/135 MP: 18/18
 13621 | Lair:6   | Received a gift from Okawaru
 13623 | Lair:6   | Got a pitted plate armour {god gift}
 14003 | D:9      | Identified the +16 plate armour of Okawaru's Approval
                  | {rCorr MP+9} (Okawaru gifted it to you on level 6 of the
                  | Lair of Beasts)
 14015 | Orc:1    | Entered Level 1 of the Orcish Mines
 14188 | Orc:1    | Reached skill level 15 in Armour
 14195 | Orc:1    | Gained mutation: You often lose your temper in combat. [a
                  | neqoxec]
 14401 | Orc:2    | Entered Level 2 of the Orcish Mines
 14577 | Orc:2    | Paralysed by an ogre mage for 5 turns
 14587 | Orc:1    | HP: 6/137 [two-headed ogre/+0 giant club (18)]
 14763 | Orc:2    | Noticed an orc warlord
 14794 | Orc:1    | Killed an orc warlord
 14884 | Orc:2    | Received a gift from Okawaru
 14885 | Orc:2    | Got a pitted crystal plate armour {god gift}
 14915 | Orc:2    | Gained mutation: You are robust. (+10% HP) [evolution]
 14923 | Orc:2    | Found a staircase to the Elven Halls.
 14989 | Orc:2    | Noticed Erolcha
 15035 | Orc:1    | Noticed an orc warlord
 15043 | Orc:1    | HP: 3/151 [orc priest/divine providence[an orc knight] (8)]
 15046 | Orc:1    | Noticed an orc warlord
 15101 | Orc:1    | HP: 6/151 [orc warrior/+0 flail (11)]
 15112 | Orc:1    | Slain by an orc warrior

Levels and vault maps discovered:
D:1:      dpeg_arrival_windows_large_door, layout_basic, minmay_pentomino_t2
D:2:      layout_basic, first_ration, uniq_natasha
D:3:      layout_rooms, hangedman_decor_clover_reticule
D:4:      layout_basic, chequers_temple_overflow_statue_of_worship, tgw_sif
D:5:      layout_rooms, minmay_temple_entry_overgrown, minmay_fountain_box
D:6:      cheibrodos_fertilizer, layout_basic, uniq_pikel
D:7:      layout_cave_pools, gammafunk_temple_overflow_statue,
          serial_gnoll_camp, gnoll_camp_huts_basic, gnoll_camp_mini_house,
          gnoll_camp_mini_sergeant, gnoll_camp_mini_house, gnoll_camp_medium_02,
          grunt_ogre_cave, chequers_serial_rivers_room_b
D:8:      layout_layer_cave, uniq_grum
D:9:      layout_basic, david_orc_5, serial_ice, serial_ice_n, serial_ice_o,
          serial_ice_b, serial_ice_k
D:10:     layout_rooms, dpeg_oklobed_lair, minmay_misc_feat_roman,
          minmay_increasing_density, uniq_erica
Temple:   eino_narrow_crystal_temple
Lair:1:   layout_regular_city, portal_ice_cave_rime
Lair:2:   layout_hall_layers, swamp_mist
Lair:3:   layout_regular_city, minmay_snake_entry_six_corridors,
          minmay_lair_oklob_chamber
Lair:4:   layout_cave_pods, grunt_megastairs_5, serial_bayou_shore_b
Lair:5:   layout_long_grid, lemuel_fruit_tree, uniq_kirke
Lair:6:   hangedman_lair_in_review, layout_regular_city, slime_dummy,
          grunt_megastairs_3, infiniplex_staircase_pool_2, uniq_urug
Orc:1:    layout_diamond_mine, nicolae_orc_flooded_monolith, minmay_orc_treasury
Orc:2:    st_orc_ogre_mass, layout_caves, serial_shops, shop, uniq_erolcha,
          uniq_maurice

Skill      XL: |  1  2  3  4  5  6  7  8  9 10 11 12 13 14 |
---------------+-------------------------------------------+-----
Long Blades    | 4 5 6 8 9 11 14 | 14.1
Fighting       | 7 10 12 15 16 | 16.9
Dodging        | 4 |  4.2
Armour         | 5 9 11 14 16 | 16.4
Shields        | 5 10 | 10.0
Invocations    | 4 7 |  7.3
Evocations     | 3 |  3.4
Stealth        | |  1.5

Action                   |  1- 3 |  4- 6 |  7- 9 | 10-12 | 13-15 || total
-------------------------+-------+-------+-------+-------+-------++-------
Melee: Falchion          |    52 |    50 |       |       |       ||   102
       Headbutt          |     6 |    35 |    69 |   208 |   213 ||   531
       Long sword        |       |    71 |   264 |   443 |       ||   778
       Kick              |       |     4 |   102 |   350 |   359 ||   815
       Scimitar          |       |       |       |   372 |   328 ||   700
       Demon blade       |       |       |       |       |   400 ||   400
Invok: Heroism           |       |       |       |     1 |     6 ||     7
 Abil: Blink             |       |       |       |       |     3 ||     3
Evoke: Wand              |       |       |       |     1 |     2 ||     3
       Phial of floods   |       |       |       |       |     1 ||     1
  Use: Scroll            |     5 |     4 |     2 |     9 |    10 ||    30
       Potion            |     4 |     3 |     3 |     2 |     6 ||    18
 Stab: Sleeping          |     3 |     5 |     4 |       |       ||    12
       Distracted        |       |       |     1 |       |       ||     1
  Eat: Chunk             |       |     4 |     2 |     6 |    11 ||    23
       Ration            |       |     1 |     2 |     4 |     1 ||     8
Armor: Robe              |     8 |     1 |       |       |       ||     9
       Leather armour    |       |    16 |     9 |       |       ||    25
       Chain mail        |       |       |    64 |   246 |       ||   310
       Plate armour      |       |       |       |    77 |   159 ||   236
       Crystal plate arm |       |       |       |    66 |   229 ||   295
Dodge: Dodged            |    34 |    57 |    99 |   144 |   164 ||   498
Block: Shield            |       |       |    20 |   365 |   581 ||   966
       Rpst.: Falchion   |     7 |     8 |       |       |       ||    15
       Long sword        |       |    10 |    26 |    18 |       ||    54
       Scimitar          |       |       |       |    10 |     6 ||    16
       Demon blade       |       |       |       |       |    26 ||    26
